 Dungeon Crawl Stone Soup version 0.26-a0-663-g36e8fdb655 (webtiles) character file.

Game seed: 9282957173051116390

95998 dolemite99 the Impaler (level 16, -1/116 HPs)
             Began as a Merfolk Gladiator on Oct 11, 2020.
             Was a Priest of Hepliaklqana.
             Succumbed to Josephine's poison
             ... on level 14 of the Dungeon on Oct 12, 2020.
             The game lasted 01:13:57 (34333 turns).

dolemite99 the Impaler (Merfolk Gladiator)         Turns: 34333, Time: 01:13:58

Health: -1/116     AC: 28    Str: 18    XL:     16   Next: 15%
Magic:  3/31       EV: 13    Int: 11    God:    Hepliaklqana [***...]
Gold:   1185       SH:  0    Dex: 18    Spells: 5/15 levels left

rFire    + + .     SeeInvis .   s - +2 lajatang (flame)
rCold    + + .     Faith    .   (shield currently unavailable)
rNeg     . . .     Spirit   +   K - +2 plate armour {rPois}
rPois    +         Reflect  .   t - +2 helmet
rElec    +         Harm     .   d - scarf {rC+ rF+}
rCorr    +         Rampage  .   L - +2 pair of gloves {Dex+3}
MR       +....                  i - +1 pair of boots
Stlth    ..........             f - amulet of guardian spirit
HPRegen  0.29/turn              y - +4 ring of protection {=R}
MPRegen  0.22/turn              l - ring of magical power

@: lethally poisoned (-1 -> -26), resistant, slowed, very slow
A: change form in water, swift swim, stealthy swim, reduced essence
a: Recall Ancestor, Ancestor Identity, Transference, Renounce Religion


You were on level 14 of the Dungeon.
You worshipped Hepliaklqana.
Hepliaklqana was most pleased with you.
You visited 3 branches of the dungeon, and saw 23 of its levels.
You also visited: Volcano.

You collected 2634 gold pieces.
You spent 1449 gold pieces at shops.

Inventory:

Hand Weapons
 a - a +5 vorpal hunting sling
 b - a +0 glaive
 n - a +5 vorpal halberd
 s - a +2 lajatang of flaming (weapon)
 z - the +11 halberd "Boll" {venom, rF+, unknown}
   (You found it on level 14 of the Dungeon)

   It poisons the flesh of those it strikes.
   It protects you from fire.
Missiles
 h - 645 stones
 m - 61 sling bullets
 o - 68 poisoned darts (quivered)
 q - 22 bolts
 P - 12 javelins
Armour
 d - a scarf of resistance (worn)
 i - a +1 pair of boots (worn)
 t - a +2 helmet (worn)
 D - a +2 chain mail of fire resistance
 J - a +2 cloak of magic resistance
 K - a +2 plate armour of poison resistance (worn)
 L - a +2 pair of gloves of dexterity (worn)
Magical Staves
 G - an uncursed staff of poison
 M - an uncursed staff of air
Jewellery
 f - an amulet of guardian spirit (around neck)
 l - a ring of magical power (right hand)
 r - an uncursed ring of resist corrosion
 y - a +4 ring of protection (left hand) {=R}
 H - an uncursed ring of see invisible
Wands
 I - a wand of random effects (8)
 O - a wand of polymorph (20)
 R - a wand of digging (8)
Scrolls
 p - 5 scrolls of noise
 w - 3 scrolls of amnesia
 x - 12 scrolls of remove curse {@r2}
 B - 3 scrolls of magic mapping
 U - 5 scrolls of identify {@r1}
Potions
 e - 5 potions of curing
 j - 3 potions of resistance
 k - 4 potions of brilliance
 u - a potion of flight
 v - 3 potions of stabbing
 C - a potion of mutation
 N - a potion of lignification
 Y - a potion of ambrosia
Miscellaneous
 c - a phantom mirror (inert)
 A - a phantom mirror (inert)
 F - a box of beasts (inert)


   Skills:
 + Level 12.7 Fighting
 - Level 18.6 Polearms
 - Level 0.2(5.4) Slings
 - Level 10.4 Throwing
 - Level 8.1 Armour
 - Level 13.7 Dodging
 - Level 9.7 Stealth
 - Level 9.2 Invocations
 - Level 7.1 Evocations


You had 5 spell levels left.
You knew the following spells:

 Your Spells              Type           Power        Failure   Level
a - Animate Skeleton      Necr           #.....       100%        1
b - Poisonous Vapours     Pois/Air       #.....       100%        2
c - Blink                 Tloc           N/A          100%        2
d - Wereblood             Tmut           #.......     100%        2
e - Mephitic Cloud        Conj/Pois/Air  #.......     100%        3

Your spell library contained the following spells:

 Spells                   Type           Power        Failure   Level
 Beastly Appendage        Tmut           #.....       100%        1
 Freeze                   Ice            #...         100%        1
 Magic Dart               Conj           #...         100%        1
 Pain                     Necr           #...         100%        1
 Sandblast                Erth           #.....       100%        1
 Sting                    Tmut/Pois      #...         100%        1
 Summon Small Mammal      Summ           #...         100%        1
 Call Imp                 Summ           #.......     100%        2
 Passwall                 Tmut/Erth      #.......     100%        2
 Slow                     Hex            #.......     100%        2
 Call Canine Familiar     Summ           #.......     100%        3
 Conjure Flame            Conj/Fire      #.......     100%        3
 Frozen Ramparts          Ice            #.....       100%        3
 Ignite Poison            Fire/Tmut/Pois #.......     100%        3
 Ozocubu's Armour         Ice            #.......     100%        3
 Spider Form              Tmut/Pois      #.........   100%        3
 Stone Arrow              Conj/Erth      #.....       100%        3
 Summon Guardian Golem    Hex/Summ       #.......     100%        3
 Vampiric Draining        Necr           #.........   100%        3
 Animate Dead             Necr           #.........   100%        4
 Hailstorm                Conj/Ice       #.......     100%        4
 Ice Form                 Ice/Tmut       #.......     100%        4
 Olgreb's Toxic Radiance  Pois           #.......     100%        4
 Petrify                  Tmut/Erth      #.......     100%        4
 Summon Ice Beast         Ice/Summ       #.......     100%        4
 Summon Lightning Spire   Summ/Air       #.......     100%        4
 Agony                    Necr           #.......     100%        5
 Blade Hands              Tmut           #.........   100%        5
 Lee's Rapid Deconstruct  Erth           #.........   100%        5


Dungeon Overview and Level Annotations

Branches:
Dungeon (15/15)            Temple (0/1) D:4            Lair (6/6) D:9
 Shoals (0/4) Lair:4       Spider (0/4) Lair:4        Slime (0/5) Lair:6
    Orc (2/2) D:9             Elf (0/3) Orc:2        Vaults (0/5) D:13
Volcano (visited)
 Depths: D:15

Altars:
Cheibriados
Fedhas
Hepliaklqana
Okawaru
Qazlal
Trog
Uskayaw
Vehumet
Xom
Zin
The Shining One
Jiyva

Shops:
D:14 [   Orc:2 [}**(

Portals:
Pandemonium: Orc:2

Annotations:
D:14 Jorgrun, Josephine
Lair:3 exclusion: oklob plant


Message History

* * * LOW HITPOINT WARNING * * *
The catoblepas breathes a plume of calcifying dust at you.
The blast of calcifying dust hits you.
* * * LOW HITPOINT WARNING * * *
You are engulfed in calcifying dust.
The wraith hits you.
* * * LOW HITPOINT WARNING * * *
The wraith drains your vigour!
You feel as though you will be slow longer.
The tengu conjurer hits you but does no damage.
The tengu conjurer pecks you.
* * * LOW HITPOINT WARNING * * *
The tengu conjurer claws you but does no damage.
The catoblepas gores you.
* * * LOW HITPOINT WARNING * * *
Josephine says, "I'll make a rug of your skin."
Josephine hits you but does no damage.
You turn to flesh and can move again.
Unknown command.
You hit the wraith but do no damage.
You die...

,* #..#....#.# *,,,,* ,*
#......,#.# *,,,,* ,* #..#.####.#
*,,,,***** ,######.........#
*,,,,,,,,##
,...........)...#######..,,,,,,..
,......Y§......KW........,,,,,,..
,............)ZWW#####...,*****##
>###########..KY@#,,,*,,,,*
,*,,,,,,,,,#..gQ@#,,,*,,,,*
,*,,,,,,,,,#..*WQ#,,,*,,,<*
,*,,,,,,,,*#....K#,,,*,,,,*
,*,,,,,,,,#......#,,,*,,,,*
,*,,,,,,,,#......#+***,,,,*
,**+**,,,,#.......,,,,,,,,*******
,,,,,*****#.......,,,,,,,,,,,,,,,
,,,,,,,,,,........,,,,,,,,,,,,,,,
,,,,,,,******,,,,,,***,,,,,,,,,,,


You could see Jorgrun (drained), a catoblepas, Josephine, a tengu warrior, 4
wraiths, a tengu conjurer, a big kobold, a battlesphere, a wyvern zombie and 2
kobolds.

Vanquished Creatures
  An orc warlord (Orc:2)
  A stone giant (Orc:2)
  An ogre mage (D:15)
  5 vault guards (D:13)
  3 boulder beetles
  A catoblepas (Lair:6)
  2 centaur warriors (D:14)
  8 hydras
  Erica (D:11)
  3 two-headed ogres
  2 tengu warriors
  A deep troll shaman (Lair:6)
  6 death yaks (Lair:6)
  A queen ant (Lair:2)
  A soul eater (Orc:2)
  Urug (Lair:6)
  5 orc high priests (Orc:2)
  4 skeletal warriors
  A torturous demonspawn (Orc:2)
  A fire crab (shapeshifter) (D:13)
  A deep elf archer (D:13)
  A wizard (D:14)
  A lindwurm (Lair:6)
  A gelid demonspawn (Orc:2)
  An anaconda skeleton (Volcano)
  Pikel (D:8)
  2 orc knights (Orc:2)
  4 ugly things
  3 manticores
  5 orc sorcerers
  A deep elf mage (D:13)
  8 elephants (Lair:6)
  Maurice (D:8)
  3 centaur zombies
  5 gargoyles
  5 black mambas
  8 cane toads
  A torpor snail (Lair:5)
  11 komodo dragons
  An efreet (D:13)
  An ice devil (Orc:2)
  A yaktaur (D:13)
  A wind drake (Lair:4)
  2 tengu conjurers (D:13)
  A polar bear (Lair:6)
  4 trolls
  A hornet (D:11)
  Grinder (D:4)
  2 harpy skeletons (Volcano)
  3 dream sheep (Lair:6)
  2 slime creatures (D:12)
  10 blink frogs
  A wraith (D:12)
  An alligator skeleton (Volcano)
  3 flying skulls (Volcano)
  32 yaks
  6 wyverns
  3 basilisks
  A human (D:13)
  3 steam dragons
  14 water moccasins
  17 soldier ants (Lair:2)
  Duvessa (D:5)
  Purgy (D:4)
  23 orc warriors
  3 sky beasts
  2 ice beasts
  A black bear (D:13)
  2 eyes of draining (D:12)
  5 phantoms
  5 centaurs
  8 ogres
  9 wolves
  A lemure (D:8)
  A big kobold (D:14)
  9 bullfrogs
  A gnoll sergeant (D:8)
  A wyvern zombie (D:13)
  Dowan (D:5)
  2 wyvern skeletons
  2 hexers
  6 scorpions
  4 killer bees (D:12)
  2 electric eels (Lair:3)
  3 howler monkeys
  2 spriggan skeletons (Volcano)
  2 troll skeletons (Volcano)
  A bullfrog zombie (D:5)
  19 orc priests
  2 jellies
  A gnoll shaman (D:6)
  3 centaur skeletons
  5 hounds
  9 orc wizards
  A bullfrog skeleton (D:12)
  5 iguanas
  26 worker ants
  A killer bee zombie (D:10)
  A naga skeleton (Volcano)
  13 gnolls
  19 adders
  3 shadow imps
  5 ufetubi
  3 adder zombies
  2 adder skeletons
  4 worms
  4 dart slugs
  9 leopard geckos
  65 orcs
  4 ball pythons
  7 bats
  8 giant cockroaches
  11 goblins
  8 hobgoblins
  7 jackals
  3 quokkas
  3 frilled lizards
  A jackal zombie (D:5)
  7 kobolds
  5 rats
585 creatures vanquished.

Vanquished Creatures (collateral kills)
  2 hydras
  A two-headed ogre (D:14)
  A catoblepas (Lair:2)
  An orc high priest (Orc:2)
  2 sixfirhies (Orc:2)
  3 skeletal warriors (D:13)
  3 unseen horrors
  2 orc knights (Orc:2)
  An orc sorcerer (Orc:2)
  An ugly thing (D:14)
  4 elephants (Lair:6)
  A cane toad (Lair:5)
  A smoke demon (Orc:2)
  A black mamba (Lair:6)
  An orange demon (Orc:2)
  A centaur skeleton (D:15)
  A gargoyle (Volcano)
  An ice devil (Orc:2)
  A komodo dragon (Lair:6)
  A tengu conjurer (D:13)
  A hornet (D:14)
  A hornet (shapeshifter) (D:14)
  3 blink frogs
  3 dream sheep (Lair:6)
  2 basilisks
  9 yaks
  2 soldier ants (Lair:2)
  An acid dragon (D:11)
  A water moccasin (Lair:2)
  An ice beast (D:8)
  A black bear (D:8)
  A sky beast (D:10)
  10 orc warriors
  A centaur (D:6)
  2 ogres
  5 bullfrogs
  2 killer bees (D:12)
  A howler monkey (D:8)
  A jelly (D:14)
  2 orc wizards (D:8)
  7 orc priests
  An iguana (D:8)
  6 worker ants
  2 naga skeletons (Volcano)
  2 gnolls
  A worm (Lair:4)
  A leopard gecko (D:6)
  15 orcs
  2 kobolds (D:14)
117 creatures vanquished.

Vanquished Creatures (others)
  An unseen horror (D:15)
  A soldier ant (Lair:2)
  33 hexers
  2 ancestors (D:8)
  A kobold (D:14)
  41 fungi
  60 plants
139 creatures vanquished.

Grand Total: 841 creatures vanquished

Notes
Turn   | Place    | Note
-------+----------+-------------------------------------------
     0 | D:1      | dolemite99 the Merfolk Gladiator began the quest for the
                  | Orb.
     0 | D:1      | Reached XP level 1. HP: 16/16 MP: 1/1
    98 | D:1      | Reached skill level 5 in Polearms
   373 | D:1      | Reached XP level 2. HP: 17/22 MP: 2/2
  1094 | D:1      | Reached skill level 6 in Polearms
  1094 | D:1      | Reached XP level 3. HP: 26/27 MP: 3/3
  1560 | D:2      | Reached XP level 4. HP: 33/33 MP: 4/4
  1562 | D:2      | Reached skill level 7 in Polearms
  2357 | D:3      | Reached XP level 5. HP: 39/39 MP: 5/5
  2552 | D:3      | Found a faded altar of an unknown god.
  2643 | D:3      | Found a shimmering altar of Xom.
  2999 | D:3      | Found a snail-covered altar of Cheibriados.
  3013 | D:3      | Reached XP level 6. HP: 49/49 MP: 6/6
  3015 | D:3      | Found a hazy altar of Hepliaklqana.
  3024 | D:3      | Found a stormy altar of Qazlal.
  3025 | D:3      | Found a radiant altar of Vehumet.
  3777 | D:4      | Noticed a phantom
  3803 | D:4      | Killed a phantom
  3803 | D:4      | Reached XP level 7. HP: 40/55 MP: 7/7
  4203 | D:4      | Found a staircase to the Ecumenical Temple.
  4422 | D:4      | Noticed Grinder
  4439 | D:4      | Paralysed by Grinder for 4 turns
  4459 | D:4      | Killed Grinder
  4459 | D:4      | Reached skill level 5 in Throwing
  4821 | D:4      | Reached skill level 8 in Polearms
  4967 | D:4      | Noticed Purgy
  4976 | D:4      | Killed Purgy
  4976 | D:4      | Reached XP level 8. HP: 53/61 MP: 8/8
  5140 | D:4      | Reached skill level 9 in Polearms
  5283 | D:5      | Entered Level 5 of the Dungeon
  5741 | D:5      | Noticed Duvessa
  5741 | D:5      | Noticed Dowan
  5748 | D:5      | Killed Duvessa
  5748 | D:5      | Reached skill level 10 in Polearms
  5785 | D:5      | Killed Dowan
  5902 | D:5      | Reached skill level 11 in Polearms
  6682 | D:5      | Found a glowing silver altar of Zin.
  6910 | D:5      | Reached skill level 12 in Polearms
  7191 | D:3      | Became a worshipper of Hepliaklqana the Forgotten
  7365 | D:6      | Reached skill level 1 in Armour
  7462 | D:6      | Reached XP level 9. HP: 52/60 MP: 9/9
  7746 | D:6      | Found a glowing golden altar of the Shining One.
  7865 | D:6      | Got a fading chain mail
  7879 | D:6      | Identified the +9 chain mail of Beimoppu {+Inv MR- Int+4
                  | Dex+4} (You found it on level 6 of the Dungeon)
  8383 | D:7      | Reached * piety under Hepliaklqana
  8434 | D:7      | Found a blossoming altar of Fedhas.
  9628 | D:8      | Noticed Maurice
  9636 | D:8      | Killed Maurice
  9636 | D:8      | Reached skill level 13 in Polearms
  9741 | D:8      | Reached skill level 14 in Polearms
  9741 | D:8      | Reached XP level 10. HP: 38/65 MP: 10/10
  9959 | D:8      | Noticed Pikel
  9964 | D:8      | Killed Pikel
  9991 | D:8      | Reached skill level 15 in Polearms
 10007 | D:8      | Noticed a two-headed ogre
 10024 | D:8      | Killed a two-headed ogre
 10221 | D:8      | Reached ** piety under Hepliaklqana
 10222 | D:8      | Remembered your ancestor Leofsige as a hexer
 10279 | D:8      | Found a hide-covered altar of Uskayaw.
 10306 | D:8      | Reached skill level 5 in Dodging
 10582 | D:9      | Killed an unseen horror
 10694 | D:9      | Reached XP level 11. HP: 68/70 MP: 11/11
 10714 | D:9      | Reached skill level 10 in Dodging
 10775 | D:9      | Found a staircase to the Lair.
 10940 | D:9      | Noticed a white ugly thing
 10961 | D:9      | Killed a white ugly thing
 11295 | D:9      | Found a staircase to the Orcish Mines.
 11417 | D:9      | Found a shimmering altar of Xom.
 11794 | D:10     | Entered Level 10 of the Dungeon
 12000 | D:10     | Killed an unseen horror
 12034 | D:10     | Reached *** piety under Hepliaklqana
 12122 | D:10     | Noticed a manticore
 12122 | D:10     | Noticed a two-headed ogre
 12135 | D:10     | Killed a two-headed ogre
 12136 | D:10     | Killed a manticore
 12325 | D:10     | Noticed a tengu warrior
 12334 | D:10     | Killed a tengu warrior
 12743 | D:11     | Reached skill level 5 in Armour
 12839 | D:11     | Noticed Erica
 12857 | D:11     | Killed Erica
 12893 | D:11     | Noticed a boulder beetle
 12936 | D:11     | Noticed a manticore
 12958 | D:11     | Killed a manticore
 12970 | D:11     | Killed a boulder beetle
 12970 | D:11     | Reached XP level 12. HP: 46/76 MP: 12/12
 13592 | D:12     | Reached **** piety under Hepliaklqana
 13735 | Lair:1   | Entered Level 1 of the Lair of Beasts
 14000 | Lair:1   | Noticed a six-headed hydra
 14010 | Lair:1   | Killed a six-headed hydra
 15006 | Lair:2   | Noticed a seven-headed hydra
 15017 | Lair:2   | Killed a seven-headed hydra
 15017 | Lair:2   | Reached skill level 5 in Fighting
 15279 | Lair:2   | Noticed an eight-headed hydra
 15289 | Lair:2   | Killed an eight-headed hydra
 16236 | Lair:2   | Noticed a queen ant
 16249 | Lair:2   | Killed a queen ant
 16567 | Lair:2   | Reached skill level 5 in Stealth
 16897 | Lair:2   | Noticed a catoblepas
 16910 | Lair:2   | Killed a catoblepas
 16910 | Lair:2   | Reached XP level 13. HP: 85/85 MP: 13/13
 17486 | Lair:3   | Found an iron altar of Okawaru.
 17600 | Lair:3   | Found a gate leading to a gauntlet.
 18303 | Lair:3   | Learned a level 1 spell: Animate Skeleton
 18609 | Lair:4   | Reached ***** piety under Hepliaklqana
 18617 | Lair:4   | Found a hole to the Spider Nest.
 18818 | Lair:4   | Found a staircase to the Shoals.
 19079 | Lair:4   | Reached skill level 5 in Invocations
 20917 | Lair:6   | Entered Level 6 of the Lair of Beasts
 21158 | Lair:6   | Reached XP level 14. HP: 92/92 MP: 20/20
 21167 | Lair:6   | Found a viscous altar of Jiyva.
 21177 | Lair:6   | Found a staircase to the Slime Pits.
 21432 | Lair:6   | Noticed Urug
 21612 | Lair:6   | Killed Urug
 21780 | Lair:6   | Reached skill level 10 in Fighting
 21800 | Lair:6   | Learned a level 2 spell: Poisonous Vapours
 21803 | Lair:6   | Learned a level 2 spell: Blink
 21806 | Lair:6   | Learned a level 2 spell: Wereblood
 21810 | Lair:6   | Learned a level 3 spell: Mephitic Cloud
 22612 | Lair:6   | Reached skill level 10 in Throwing
 23565 | D:12     | Reached skill level 1 in Evocations
 23882 | Orc:1    | Entered Level 1 of the Orcish Mines
 24484 | Orc:2    | Entered Level 2 of the Orcish Mines
 24487 | Orc:2    | Found a staircase to the Elven Halls.
 24499 | Orc:2    | Found a dark tunnel.
 24509 | Volcano  | Entered a volcano
 24855 | Volcano  | Reached XP level 15. HP: 103/103 MP: 21/21
 24878 | Volcano  | Reached skill level 5 in Evocations
 25643 | Orc:2    | Found Rokyufes's Weapon Shop.
 25672 | Orc:2    | Noticed an orc warlord
 25687 | Orc:2    | Killed an orc warlord
 27101 | Orc:2    | Found Komet's General Store.
 27102 | Orc:2    | Found Geocw's General Store.
 27133 | Orc:2    | Reached skill level 16 in Polearms
 28895 | Orc:2    | Reached skill level 17 in Polearms
 30444 | Orc:2    | Found Nafos's Antique Armour Shop.
 30444 | Orc:2    | Found Ilinag's Gadget Boutique.
 30445 | Orc:2    | Found a one-way gate leading to the halls of Pandemonium.
 30448 | Orc:2    | Bought a shiny helmet for 225 gold pieces
 30462 | Orc:2    | Bought a phantom mirror for 390 gold pieces
 30462 | Orc:2    | Bought a wand of digging (5) for 234 gold pieces
 30491 | Orc:2    | Bought a phantom mirror for 360 gold pieces
 30491 | Orc:2    | Bought a box of beasts (3/3) for 240 gold pieces
 31180 | D:13     | Reached skill level 18 in Polearms
 31460 | D:13     | Found a bloodstained altar of Trog.
 32104 | D:13     | Found a blossoming altar of Fedhas.
 32217 | D:13     | Found a gate to the Vaults.
 33071 | D:15     | Entered Level 15 of the Dungeon
 33083 | D:15     | Reached XP level 16. HP: 114/114 MP: 22/22
 33266 | D:14     | Got a crude halberd
 33334 | D:14     | Found Pitileax's Antique Armour Emporium.
 33673 | D:14     | Noticed Jorgrun
 34297 | D:14     | Noticed Josephine
 34332 | D:14     | HP: 5/116 [wraith[Josephine] (1)]
 34332 | D:14     | HP: 2/116 [catoblepas (2)]
 34333 | D:14     | Succumbed to Josephine's poison

Illustrated notes

Levels and vault maps discovered:
D:1:      mushboom_english_gardens, layout_rooms
D:2:      layout_loops_ring, chequers_jeans
D:3:      layout_rooms, grunt_temple_overflow_open,
          chequers_ecumenical_altar_grove
D:4:      layout_cave_pods, minmay_temple_entry_butterflies, uniq_grinder,
          uniq_purgy
D:5:      layout_basic, zin_scriptorium, uniq_duvessa
D:6:      layout_loops_corners, tso_metal_star
D:7:      layout_gridville, nicolae_overflow_crystal_walls,
          serial_co_window_serial, co_window_of_opportunity_a,
          co_window_paths_a, co_window_cross_1, co_window_paths_a,
          co_window_corner_a, co_window_corner_a, co_window_corner_a,
          co_window_2corner, co_window_unsneaky_path_d,
          co_window_unsneaky_path_d, co_window_cross_2, co_window_paths_d
D:8:      layout_basic, kennysheep_little_box, uniq_pikel, uniq_maurice
D:9:      layout_loops_ring, erik_lair_dragon, erik_orc_3, basic_altar,
          solitary_fountain
D:10:     layout_roguey, hangedman_decor_riveting
D:11:     layout_long_grid, minmay_holes, uniq_erica
D:12:     layout_basic, nicolae_benzene_ring, minmay_misc_feat_nine_boxes
D:13:     layout_roguey, grunt_vaults_entry_fortified, basic_altar,
          fedhas_altar_4
D:14:     layout_irregular_city, basic_altar, serial_shops,
          nicolae_shop_statue_plus, shop, kennysheep_crisscross, uniq_josephine,
          uniq_jorgrun, uniq_kirke
D:15:     hangedman_depths_entry_try_elsewhere_first, layout_basic,
          serial_shops, nicolae_shop_crystal, chequers_serial_rivers_room_a,
          item_on_display_a
Lair:1:   layout_small_grid, serial_bayou, serial_bayou_pond_e,
          serial_bayou_pond_d, serial_bayou_pond_c, serial_bayou_crossing,
          serial_bayou_shore_b
Lair:2:   layout_hall_layers, minivault_29
Lair:3:   layout_big_grid, gauntlet_entry_generic, lemuel_oklob_altar,
          infiniplex_staircase_pool, serial_bayou_shore_b
Lair:4:   layout_loops_ring, minmay_shoals_entry_beasts,
          nicolae_spider_entry_non_spiders, chequers_serial_rivers_micro_e,
          grunt_forest_small_clearing_treed
Lair:5:   layout_loops_ring
Lair:6:   grunt_lair_end_beastmaster, layout_misc_corridors, slime_altar_1,
          serial_bayou_shore_a, uniq_urug
Orc:1:    layout_caves
Orc:2:    pf_orc_diabolical, layout_caves, nicolae_volcano_entry_lava_flow,
          serial_shops, nicolae_shop_behind_doors

Skill      XL: |  1  2  3  4  5  6  7  8  9 10 11 12 13 14 15 16 |
---------------+-------------------------------------------------+-----
Polearms       | 5 6 7 8 12 14 15 18 | 18.6
Fighting       | 4 6 7 10 11 12 | 12.7
Throwing       | 4 5 6 7 10 | 10.4
Armour         | 2 4 6 8 |  8.1
Dodging        | 9 13 | 13.7
Stealth        | 7 9 |  9.7
Invocations    | 9 |  9.2
Evocations     | 4 7 |  7.1
Slings         | |  0.2

Action                   |  1- 3 |  4- 6 |  7- 9 | 10-12 | 13-15 | 16-18 || total
-------------------------+-------+-------+-------+-------+-------+-------++-------
Melee: Trident           |    94 |   190 |   319 |    22 |    58 |       ||   683
       Halberd           |       |       |    41 |   372 |   857 |       ||  1270
       Staff             |       |       |       |    31 |       |       ||    31
       Tailslap          |       |       |       |       |     7 |       ||     7
       Glaive            |       |       |       |       |   219 |    68 ||   287
       Lajatang          |       |       |       |       |       |    22 ||    22
 Fire: Hunting sling     |       |       |       |    25 |   219 |       ||   244
Throw: Throwing net      |     6 |       |       |       |       |       ||     6
       Stone             |     7 |    12 |    13 |    21 |     1 |       ||    54
       Javelin           |       |    10 |    58 |    10 |    68 |       ||   146
       Dart              |       |    42 |     8 |   157 |    86 |     2 ||   295
Invok: Recall Ancestor   |       |       |     2 |     7 |    15 |     4 ||    28
       Ancestor Life: He |       |       |       |     1 |       |       ||     1
       Idealise          |       |       |       |       |    15 |     2 ||    17
Evoke: Wand              |       |       |       |     1 |    16 |     1 ||    18
       Box of beasts     |       |       |       |       |     3 |     1 ||     4
       Phantom mirror    |       |       |       |       |     1 |       ||     1
  Use: Scroll            |       |     1 |    12 |    16 |    23 |     5 ||    57
       Potion            |       |       |     6 |     1 |    10 |     6 ||    23
 Stab: Distracted        |       |       |     3 |    12 |    15 |       ||    30
       Confused          |       |       |       |     8 |    25 |     4 ||    37
       Petrifying        |       |       |       |       |     1 |       ||     1
       Sleeping          |       |       |       |       |     1 |       ||     1
       Paralysed         |       |       |       |       |    15 |     5 ||    20
Armor: Leather armour    |     3 |       |       |       |       |       ||     3
       Ring mail         |    28 |    20 |       |       |       |       ||    48
       Scale mail        |       |    67 |    59 |       |       |       ||   126
       Fire dragon scale |       |       |    16 |       |       |       ||    16
       Chain mail        |       |       |    48 |   212 |   414 |       ||   674
       Plate armour      |       |       |       |       |   103 |   211 ||   314
Dodge: Dodged            |    90 |   127 |   135 |   244 |   676 |    85 ||  1357

Table legend: (Time is in decaauts)
 A = Elapsed time spent in this place.
 B = Non-inter-level travel time spent in this place.
 C = Inter-level travel time spent in this place.
 D = Time resting spent in this place.
 E = Time spent auto-exploring this place.
 F = Levels seen in this place.
 G = Mean time per level.
                   A        B        C        D        E       F      G
               +--------+--------+--------+--------+--------+-----+--------+
         Total |  33629 |  31285 |   2344 |  10206 |  13591 |  24 | 1401.2 |
       Dungeon |  18287 |  16817 |   1470 |   4691 |   8227 |  15 | 1219.1 |
          Lair |   8795 |   7996 |    799 |   1741 |   4198 |   6 | 1465.8 |
  Orcish Mines |   5839 |   5764 |     75 |   3550 |   1005 |   2 | 2919.5 |
       Volcano |    707 |    707 |      0 |    223 |    161 |   1 |  707.0 |
               +--------+--------+--------+--------+--------+-----+--------+

Top non-repeatable levels by time:
   Orc:2: 4504 daAuts
    D:13: 2663 daAuts
  Lair:2: 2055 daAuts
     D:4: 1983 daAuts
  Lair:6: 1716 daAuts
     D:9: 1680 daAuts
     D:5: 1673 daAuts
  Lair:5: 1464 daAuts
     D:1: 1439 daAuts
  Lair:1: 1341 daAuts
   Orc:1: 1334 daAuts
     D:3: 1289 daAuts
  Lair:4: 1242 daAuts
     D:8: 1235 daAuts
     D:6: 1145 daAuts
